AoeStats
← Ryanbabel

Scandinavia

510769808Analyzed
1v1 RM · 1d ago on Oct 2, 2026· 86m 0s· 2 players
Game mode
Random Map
Map size
Tiny (2 player)
Population
200
Speed
Normal
Resources
Standard
Victory
Conquest
Starting age
Dark Age
Ending age
Imperial Age
RankedLock teamsTeams togetherTeam positionsShared explorationLock speedFull tech treeHidden civsTurbo modeCheats
Victory
Defeat
🇹🇷 Malians · Türkiye
1148
+16
🇻🇪 Teutons · Venezuela
1142
-16
Zuil
7:08 Loom
11:24 Feudal Age
13:02 Double-Bit Axe
17:30 Castle Age
16:59 Scale Barding Armor
17:06 Bloodlines
17:12 Horse Collar
19:47 Elite Skirmisher
22:31 Ballistics
23:31 Fletching
24:12 Gold Mining
25:45 Bodkin Arrow
26:27 Town Watch
27:56 Padded Archer Armor
29:20 Wheelbarrow
30:04 Bow Saw
32:29 Chain Barding Armor
32:35 Forging
34:57 Scale Mail Armor
36:12 Chain Mail Armor
37:43 Hand Cart
38:01 Ironclad
43:02 Imperial Age
41:22 Town Patrol
41:23 Heavy Plow
41:28 Squires
41:01 Pikeman
42:32 Masonry
43:22 Capped Ram
43:30 Capped Ram
45:14 Plate Mail Armor
45:20 Iron Casting
47:24 Guard Tower
47:40 Siege Engineers
48:35 Chemistry
48:45 Block Printing
53:06 Crenellations
56:18 Conscription
57:42 Plate Barding Armor
58:26 Keep
57:32 Cavalier
63:26 Blast Furnace
65:57 Halberdier
80:58 Two-Man Saw
82:22 Crop Rotation
84:16 Arrowslits
84:30 Gambesons
Ryanbabel
10:28 Feudal Age
14:07 Double-Bit Axe
14:11 Horse Collar
20:33 Castle Age
19:10 Fletching
20:38 Crossbowman
21:18 Bodkin Arrow
21:24 Padded Archer Armor
22:27 Gold Mining
25:23 Bow Saw
27:55 Heavy Plow
32:14 Imperial Age
31:26 Leather Archer Armor
32:24 Cavalier
34:13 Scale Barding Armor
38:51 Wheelbarrow
41:04 Chain Barding Armor
41:31 Hand Cart
42:09 Bloodlines
42:02 Husbandry
44:09 Crop Rotation
45:24 Ring Archer Armor
45:30 Plate Barding Armor
45:33 Ballistics
46:22 Chemistry
47:19 Scale Mail Armor
47:30 Forging
49:44 Fortified Wall
49:09 Elite Gbeto
51:39 Treadmill Crane
51:49 Heated Shot
52:16 Chain Mail Armor
56:31 Light Cavalry
59:18 Plate Mail Armor
59:24 Iron Casting
85:24 Pikeman
86:04 Squires
Connection lost

Rejoining the realm…

Still unreachable

The connection could not be restored.

Session expired

The server has moved on; the page needs a fresh start.